 Dungeon Crawl Stone Soup version 0.26-a0-507-g0ae5976 (webtiles) character file.

Game seed: 1185943732678977880

29061 Dorkslayer the Grappler (level 13, -8/120 HPs)
             Began as a Troll Fighter on Aug 9, 2020.
             Was a High Priest of the Shining One.
             Killed from afar by a green death (44 damage)
             ... with a poison arrow
             ... on level 3 of the Abyss.
             The game lasted 01:00:22 (10889 turns).

Dorkslayer the Grappler (Troll Fighter)            Turns: 10889, Time: 01:00:24

Health: -8/120     AC: 22    Str: 36    XL:     13   Next: 13%
Magic:  0/15       EV: 11    Int:  4    God:    the Shining One [*****.]
Gold:   363        SH: 20    Dex: 14    Spells: 12/12 levels left

rFire    . . .     SeeInvis .     - Unarmed
rCold    . . .     Faith    .   L - +0 tower shield
rNeg     + + .     Spirit   +   J - +2 acid dragon scales
rPois    .         Reflect  .   R - +3 hat "Coytapol" {MR+ Dex+4}
rElec    .         Harm     .   c - +1 cloak
rCorr    +                      (gloves unavailable)
MR       +....                  (boots unavailable)
Stlth    +.........             A - amulet of guardian spirit
HPRegen  0.70/turn              K - +6 ring of strength
MPRegen  0.14/turn              H - +4 ring of protection

@: lethally poisoned (-8 -> -10), glowing, studying Armour
A: large, unfitting armour, claws 3, regeneration 1, shaggy fur 1, tough skin 3
a: Divine Shield, Cleansing Flame, Summon Divine Warrior, Renounce Religion


You were on level 3 of the Abyss.
You worshipped the Shining One.
The Shining One was extremely pleased with you.
You visited 2 branches of the dungeon, and saw 15 of its levels.
You visited the Abyss 1 time.
You also visited: Bailey and Gauntlet.

You collected 939 gold pieces.
You spent 576 gold pieces at shops.

Inventory:

Hand Weapons
 r - a +6 war axe of flaming
Missiles
 m - 33 boomerangs (quivered)
 x - 33 javelins
Armour
 c - a +1 cloak (worn)
 J - +2 acid dragon scales (worn)
 L - a +0 tower shield (worn)
 R - the +3 hat "Coytapol" (worn) {MR+ Dex+4}
   (You found it in a Gauntlet)

   It affects your dexterity (+4).
   It affects your resistance to hostile enchantments.
Jewellery
 a - an uncursed ring of poison resistance
 d - the ring "Olikhoss" {*Corrode Str-3 Int+8 Dex+6 Stlth+}
   (You found it in a Gauntlet)

   [ring of dexterity]

   It affects your strength (-3).
   It affects your intelligence (+8).
   It affects your dexterity (+6).
   It may corrode you when you take damage.
   It makes you more stealthy.
 A - an amulet of guardian spirit (around neck)
 H - a +4 ring of protection (right claw)
 K - a +6 ring of strength (left claw)
 M - an uncursed ring of protection from cold
Wands
 b - a wand of enslavement (6)
 v - a wand of digging (3)
 E - a wand of polymorph (11)
 I - a wand of flame (30)
 O - a wand of acid (7)
Scrolls
 e - 4 scrolls of teleportation
 f - 3 scrolls of fear
 g - 7 scrolls of remove curse
 h - 5 scrolls of magic mapping
 j - 2 scrolls of immolation
 s - 3 scrolls of blinking
 y - 6 scrolls of enchant armour
 C - 5 scrolls of fog
 N - a scroll of silence
Potions
 i - 2 potions of flight
 l - 4 potions of curing
 n - 3 potions of mutation
 o - 2 potions of resistance
 p - 3 potions of might
 q - 2 potions of heal wounds
 t - 3 potions of haste
 u - 3 potions of berserk rage
 w - a potion of ambrosia
 B - 3 potions of cancellation
 F - 3 potions of magic
Books
 z - a manual of Armour
Miscellaneous
 S - a lightning rod (4/4)


   Skills:
 * Level 6.2 Fighting
 + Level 2.9 Axes
 + Level 3.4 Throwing
 * Level 4.9 Armour
 + Level 6.5 Dodging
 + Level 1.6 Stealth
 * Level 9.7 Shields
 + Level 12.7 Unarmed Combat
 * Level 4.8 Invocations
 * Level 4.2 Evocations


You had 12 spell levels left.
You didn't know any spells.
Your spell library contained the following spells:

 Spells                   Type           Power        Failure   Level
 Sandblast                Erth           #.....       90%         1
 Passwall                 Tmut/Erth      #.......     97%         2
 Stone Arrow              Conj/Erth      #.....       99%         3
 Petrify                  Tmut/Erth      #.......     100%        4
 Lee's Rapid Deconstruct  Erth           #.........   100%        5


Dungeon Overview and Level Annotations

Branches:
Dungeon (14/15)            Temple (1/1) D:4            Lair (0/6) D:10
    Orc (0/2) D:10         Bailey (visited)         Gauntlet (visited)
 Vaults: D:13-14

Altars:
Ashenzari
Cheibriados
Dithmenos
Elyvilon
Fedhas
Gozag
Hepliaklqana
Kikubaaqudgha
Makhleb
Nemelex Xobeh
Okawaru
Qazlal
Ru
Sif Muna
Trog
Uskayaw
Vehumet
Wu Jian
Xom
Yredelemnul
Zin
The Shining One

Shops:
D:5 ?   D:6 (   D:8 *   D:10 (   D:13 *

Annotations:
D:14 Louise


Innate Abilities, Weirdness & Mutations

You are too large for most types of armour.
You have claws for hands.
Your natural rate of healing is unusually fast.
You are covered in fur. (AC +1)
You have extremely tough skin. (AC +3)


Message History

The yellow draconian knight is moderately wounded.
You mangle the yellow draconian knight!!
The yellow draconian knight is heavily wounded.
The yellow draconian knight casts a spell at you.
The shard of ice hits you!!
* * * LOW HITPOINT WARNING * * *
You block the yellow draconian knight's attack.
The golden flame engulfs you but does no damage.
You resist.
The golden flame engulfs the green death!!
The green death writhes in agony!
The green death is moderately wounded.
The golden flame engulfs the yellow draconian knight!!
The yellow draconian knight is severely wounded.
You hear a shout! x2; You hear a bark! x2; You hear an angry hiss.
You hear a shout!
You hear a screech!
The green death gestures at you. The poison arrow hits you!!!
You are poisoned.
You die...

# #. #..#. #
#.. ..#.# ###
..
###...#.#.#.
.##....#.....
# ##.##
....#...# #.
..#.. #.
###..#
##.###2.####
#.....q@...#
##.##.###.##
. ..... ##
#..#.. .#...
......#..
#...
#......#q #..
.. ####..#..#
# ### ..# .


You could see a yellow draconian knight (fast, icy armour, invisible) and a
green death.

Vanquished Creatures
  A lich (Abyss:3)
  A minotaur (Gauntlet)
  Josephine (D:11)
  A great orb of eyes (Gauntlet)
  Harold (D:8)
  A hydra (D:12)
  2 centaur warriors (D:13)
  A two-headed ogre (D:13)
  2 thrashing horrors (Gauntlet)
  An unseen horror (D:14)
  The ghost of Ossiam the Sneak, a novice HuWn (D:9)
  Pikel (D:4)
  A manticore (D:11)
  8 ugly things
  A cyclops (D:13)
  A deep elf mage (D:12)
  A gargoyle (D:11)
  Maggie (D:8)
  A centaur skeleton (D:10)
  2 minotaur zombies (Gauntlet)
  A yaktaur (shapeshifter) (D:13)
  3 trolls
  A hornet (D:12)
  4 hippogriffs
  Grinder (D:4)
  Sigmund (D:3)
  A shadow (D:13)
  3 wyverns
  3 yaks (D:13)
  6 wraiths
  A steam dragon (D:8)
  4 vampire mosquitoes (D:12)
  3 wargs (D:10)
  2 acid dragons (D:12)
  A large abomination (Abyss:3)
  4 ice beasts
  12 orc warriors
  A black bear (D:8)
  2 sky beasts
  2 phantoms (D:8)
  9 ogres
  9 centaurs
  2 big kobolds
  2 small abominations (Gauntlet)
  10 bullfrogs
  A water moccasin zombie (D:6)
  3 scorpions
  A wyvern skeleton (D:9)
  21 killer bees
  6 wights
  An electric eel (D:8)
  A bullfrog zombie (D:8)
  A centaur zombie (D:7)
  6 hounds
  2 jellies
  11 orc priests
  Crazy Yiuf (D:3)
  11 orc wizards
  2 bullfrog skeletons
  A gnoll shaman (D:4)
  Ijyb (D:3)
  8 iguanas
  5 worker ants
  Natasha (D:3)
  3 worker ant zombies
  A howler monkey zombie (D:9)
  7 adders
  10 gnolls
  5 shadow imps
  2 white imps
  3 ufetubi
  An ooze (D:2)
  An adder skeleton (D:5)
  3 worms
  4 dart slugs
  7 leopard geckos
  79 orcs
  2 ball pythons
  11 bats
  5 giant cockroaches
  2 gnoll zombies (D:3)
  17 goblins
  5 hobgoblins
  14 jackals
  5 quokkas
  3 frilled lizards
  2 jackal skeletons (D:4)
  19 kobolds
  A leopard gecko skeleton (D:5)
  A quokka skeleton (D:4)
  A quokka zombie (D:5)
  4 rats
420 creatures vanquished.

Vanquished Creatures (others)
  A demonic plant (Gauntlet)
  A fungus (Gauntlet)
  2 plants (Gauntlet)
4 creatures vanquished.

Grand Total: 424 creatures vanquished

Notes
Turn   | Place    | Note
-------+----------+-------------------------------------------
     0 | D:1      | Dorkslayer the Troll Fighter began the quest for the Orb.
     0 | D:1      | Reached XP level 1. HP: 22/22 MP: 0/0
   157 | D:1      | Reached XP level 2. HP: 27/29 MP: 1/1
   541 | D:2      | Reached XP level 3. HP: 36/36 MP: 2/2
   881 | D:2      | Reached XP level 4. HP: 44/44 MP: 3/3
   964 | D:2      | Reached skill level 3 in Unarmed Combat
  1088 | D:3      | Found a basalt altar of Yredelemnul.
  1328 | D:3      | Noticed Natasha
  1338 | D:3      | Killed Natasha
  1338 | D:3      | Reached skill level 1 in Axes
  1362 | D:3      | Found a runed translucent door.
  1363 | D:3      | Noticed Crazy Yiuf
  1368 | D:3      | Killed Crazy Yiuf
  1368 | D:3      | Reached XP level 5. HP: 52/52 MP: 4/4
  1414 | D:3      | Noticed Sigmund
  1422 | D:3      | Killed Sigmund
  1422 | D:3      | Reached XP level 6. HP: 41/61 MP: 5/5
  1677 | D:3      | Noticed Ijyb
  1687 | D:3      | Killed Ijyb
  1975 | D:4      | Found a staircase to the Ecumenical Temple.
  1995 | D:4      | Noticed Pikel
  2014 | D:4      | Killed Pikel
  2014 | D:4      | Reached skill level 1 in Throwing
  2014 | D:4      | Reached skill level 5 in Unarmed Combat
  2014 | D:4      | Reached XP level 7. HP: 41/67 MP: 6/6
  2072 | Temple   | Entered the Ecumenical Temple
  2100 | Temple   | Became a worshipper of Elyvilon the Healer
  2159 | D:4      | Reached XP level 8. HP: 75/75 MP: 7/7
  2198 | D:4      | Found an opulent altar of Gozag.
  2346 | D:4      | Noticed Grinder
  2362 | D:4      | Paralysed by Grinder for 2 turns
  2370 | D:4      | Paralysed by Grinder for 5 turns
  2375 | D:4      | Killed Grinder
  2375 | D:4      | Reached skill level 6 in Unarmed Combat
  2525 | D:4      | Found a shimmering altar of Xom.
  2874 | D:5      | Entered Level 5 of the Dungeon
  2897 | D:5      | Reached * piety under Elyvilon
  2990 | D:5      | Found Nonim's Magic Scroll Emporium.
  3013 | D:5      | Reached skill level 5 in Shields
  3031 | D:5      | Bought a scroll of magic mapping for 49 gold pieces
  3031 | D:5      | Bought a scroll of remove curse for 42 gold pieces
  3031 | D:5      | Bought a scroll of fog for 28 gold pieces
  3031 | D:5      | Bought a scroll of enchant weapon for 105 gold pieces
  3031 | D:5      | Bought a scroll of identify for 28 gold pieces
  3031 | D:5      | Bought a scroll of remove curse for 42 gold pieces
  3031 | D:5      | Bought a scroll of noise for 14 gold pieces
  3077 | D:5      | Found an ornate altar of the Wu Jian Council.
  3423 | D:6      | Reached ** piety under Elyvilon
  3441 | D:6      | Reached XP level 9. HP: 83/84 MP: 8/8
  3470 | D:6      | Reached skill level 5 in Dodging
  3561 | D:6      | Reached skill level 7 in Unarmed Combat
  3570 | D:6      | Found Beytueg's Antique Weapon Emporium.
  3742 | D:6      | Found a stormy altar of Qazlal.
  3743 | D:6      | Found an ancient bone altar of Kikubaaqudgha.
  3743 | D:6      | Found a glowing golden altar of the Shining One.
  3743 | D:6      | Found a hazy altar of Hepliaklqana.
  3743 | D:6      | Found a shadowy altar of Dithmenos.
  3768 | D:6      | Fell from the grace of Elyvilon
  3768 | D:6      | Became a worshipper of the Shining One
  3811 | D:6      | Reached * piety under the Shining One
  4322 | D:7      | Found a shattered altar of Ashenzari.
  4381 | D:7      | Reached skill level 8 in Unarmed Combat
  4532 | D:7      | You fall into a shaft and drop 1 floor!
  4544 | D:8      | Reached skill level 1 in Stealth
  4632 | D:8      | Noticed Maggie
  4649 | D:8      | Killed Maggie
  4649 | D:8      | Reached skill level 9 in Unarmed Combat
  4763 | D:8      | Reached ** piety under the Shining One
  4771 | D:8      | Reached XP level 10. HP: 50/92 MP: 9/9
  5161 | D:8      | Noticed Harold
  5173 | D:8      | Killed Harold
  5173 | D:8      | Reached skill level 1 in Armour
  5173 | D:8      | Reached skill level 10 in Unarmed Combat
  5204 | D:8      | Found Qoemoas's General Store.
  5227 | D:8      | Bought a scroll of identify for 26 gold pieces
  5227 | D:8      | Bought a scroll of enchant armour for 97 gold pieces
  5227 | D:8      | Bought a scroll of identify for 26 gold pieces
  5665 | D:9      | Found an iron altar of Okawaru.
  5925 | D:9      | Found a runed translucent door.
  5925 | D:9      | Noticed Ossiam's ghost (novice HuWn)
  5953 | D:9      | Killed Ossiam's ghost
  6497 | D:10     | Entered Level 10 of the Dungeon
  6545 | D:10     | Reached *** piety under the Shining One
  6557 | D:10     | Reached skill level 1 in Invocations
  6599 | D:10     | Found a staircase to the Lair.
  6605 | D:10     | Reached skill level 1 in Evocations
  6623 | D:10     | Reached skill level 11 in Unarmed Combat
  6999 | D:10     | Found a staircase to the Orcish Mines.
  7047 | D:10     | Found Siquig's Weapon Emporium.
  7342 | D:11     | Reached XP level 11. HP: 100/100 MP: 11/11
  7403 | D:11     | Noticed Josephine
  7408 | D:11     | Reached **** piety under the Shining One
  7420 | D:11     | Killed Josephine
  7455 | D:11     | Found a flagged portal.
  7464 | Bailey   | Entered a bailey
  8759 | D:12     | Reached skill level 5 in Fighting
  8950 | D:12     | Noticed a five-headed hydra
  8960 | D:12     | Killed a one-headed hydra
  9085 | D:12     | Noticed a deep elf mage
  9095 | D:12     | Killed a deep elf mage
  9104 | D:12     | Noticed a brown ugly thing
  9118 | D:12     | Killed a brown ugly thing
  9577 | D:12     | Reached XP level 12. HP: 111/111 MP: 13/13
  9811 | D:13     | Found a gate leading to a gauntlet.
  9820 | Gauntlet | Entered a Gauntlet
  9820 | Gauntlet | Found a transporter.
  9823 | Gauntlet | Found a transporter.
  9825 | Gauntlet | Found a transporter.
  9828 | Gauntlet | Found a transporter.
  9829 | Gauntlet | Found a transporter.
  9832 | Gauntlet | Found a transporter.
  9842 | Gauntlet | Found a transporter.
  9854 | Gauntlet | Found a transporter.
  9857 | Gauntlet | Noticed a hell beast
  9857 | Gauntlet | Reached ***** piety under the Shining One
  9908 | Gauntlet | Found a runed translucent door.
  9910 | Gauntlet | Found a transporter.
  9912 | Gauntlet | Found a transporter.
  9912 | Gauntlet | Noticed a great orb of eyes
  9913 | Gauntlet | Found a runed translucent door.
  9926 | Gauntlet | Found a transporter.
  9938 | Gauntlet | Found a transporter.
 10013 | Gauntlet | Paralysed by a great orb of eyes for 5 turns
 10018 | Gauntlet | The Shining One protects you from harm!
 10026 | Gauntlet | Killed a great orb of eyes
 10026 | Gauntlet | Reached skill level 12 in Unarmed Combat
 10128 | Gauntlet | Got a transparent hat
 10139 | Gauntlet | Identified the +3 hat "Coytapol" {MR+ Dex+4} (You found it
                  | in a Gauntlet)
 10185 | Gauntlet | Got a heavily runed granite ring
 10187 | Gauntlet | Identified the ring "Olikhoss" {*Corrode Str-3 Int+8 Dex+6
                  | Stlth+} (You found it in a Gauntlet)
 10191 | Gauntlet | Identified a scroll of acquirement
 10192 | Gauntlet | Acquired a manual of Armour
 10232 | Gauntlet | Identified the +3 flail of Valour {freeze, +Fly rF+ Stlth-}
 10232 | Gauntlet | Identified the cursed ring of the Queen {rPois rF- rC++ rN+
                  | EV-4}
 10232 | Gauntlet | Noticed a minotaur
 10249 | Gauntlet | Killed a minotaur
 10428 | D:13     | Found Seocsu's General Store.
 10482 | D:13     | Noticed a two-headed ogre
 10492 | D:13     | Killed a two-headed ogre
 10512 | D:13     | Bought a cursed ring of attention for 67 gold pieces
 10512 | D:13     | Bought a scroll of fear for 52 gold pieces
 10622 | D:13     | Noticed a centaur warrior
 10624 | D:13     | Noticed a centaur warrior
 10630 | D:13     | Killed a centaur warrior
 10640 | D:13     | Killed a centaur warrior
 10760 | D:14     | Noticed Louise
 10776 | D:14     | Reached XP level 13. HP: 120/120 MP: 15/15
 10787 | D:14     | Cast into level 3 of the Abyss (Louise)
 10805 | Abyss:3  | Noticed a lich
 10820 | Abyss:3  | Noticed a green death
 10822 | Abyss:3  | Noticed an Ice Fiend
 10823 | Abyss:3  | Killed a lich
 10872 | Abyss:3  | Noticed a yellow draconian knight
 10886 | Abyss:3  | Noticed a green death
 10889 | Abyss:3  | Killed from afar by a green death

Illustrated notes

Levels and vault maps discovered:
D:1:      minmay_arrival_plants_in_alcoves, layout_rooms, minmay_vboxes
D:2:      layout_rooms, minmay_tromino_v4_a
D:3:      kennysheep_goblin_castle, layout_loops_ring,
          lemuel_zombie_altar_yredelemnul, uniq_natasha,
          uniq_crazy_yiuf_cottage, uniq_sigmund
D:4:      layout_loops_cross, nicolae_overflow_crystal_walls,
          minmay_temple_entry_stoned_glass, chequers_serial_rivers_room_b,
          minmay_ruined_shrine, uniq_grinder, uniq_pikel
D:5:      layout_basic, lemuel_round_altar, hangedman_decor_slide_cut,
          kennysheep_windowed_goal
D:6:      layout_loops_ring, grunt_temple_overflow_open, serial_shops, shop
D:7:      layout_gridville, nicolae_overflow_hidden_temple
D:8:      layout_basic, serial_shops, shop_statue, minmay_increasing_density,
          uniq_maggie, uniq_harold
D:9:      layout_loops_corners, kennysheep_okawaru_gauntlet,
          hellmonk_ghost_happy_afterlife
D:10:     layout_basic, erik_lair_orcish_takeover, orc_0_dummy, serial_shops,
          nicolae_shop_crystal
D:11:     layout_basic, enter_bailey_8, uniq_josephine
D:12:     layout_stronghold
D:13:     layout_big_octagon, serial_shops, shop, gauntlet_entry_generic
D:14:     layout_long_grid, erik_vaults_2, minmay_more_statues, uniq_louise,
          uniq_nessos
Temple:   minmay_temple_bridge_abc
Abyss:3:  base: D:13, hangedman_abyss_monster_moat,
          hangedman_abyss_rune_macabre_mess

Skill      XL: |  1  2  3  4  5  6  7  8  9 10 11 12 |
---------------+-------------------------------------+-----
Unarmed Combat | 3 5 6 9 11 12 | 12.7
Dodging        | 3 4 5 6 |  6.5
Shields        | 3 4 5 6 8 9 |  9.7
Axes           | 1 2 |  2.9
Fighting       | 3 4 5 6 |  6.2
Throwing       | 1 2 3 |  3.4
Stealth        | 1 |  1.6
Armour         | 1 2 4 |  4.9
Invocations    | 1 3 4 |  4.8
Evocations     | 1 3 4 |  4.2

Action                   |  1- 3 |  4- 6 |  7- 9 | 10-12 | 13-15 || total
-------------------------+-------+-------+-------+-------+-------++-------
Melee: Unarmed           |   131 |   106 |   323 |   617 |    35 ||  1212
       War axe           |     1 |    36 |       |     7 |       ||    44
Throw: Boomerang         |       |    15 |    18 |    36 |       ||    69
       Javelin           |       |     3 |     2 |       |       ||     5
       Throwing net      |       |       |       |     2 |       ||     2
Invok: Divine Shield     |       |       |       |     8 |       ||     8
       Cleansing Flame   |       |       |       |       |     2 ||     2
Evoke: Wand              |       |       |     9 |    16 |       ||    25
  Use: Potion            |       |     1 |       |       |       ||     1
       Scroll            |       |     1 |    14 |    17 |     1 ||    33
Armor: Robe              |    37 |    48 |   106 |       |       ||   191
       Acid dragon scale |       |       |     6 |   157 |     2 ||   165
Dodge: Dodged            |    37 |    45 |   126 |   144 |     1 ||   353
Block: Kite shield       |    51 |    67 |   150 |    34 |       ||   302
       Tower shield      |       |       |       |   545 |    19 ||   564

Table legend: (Time is in decaauts)
 A = Elapsed time spent in this place.
 B = Non-inter-level travel time spent in this place.
 C = Inter-level travel time spent in this place.
 D = Time resting spent in this place.
 E = Time spent auto-exploring this place.
 F = Levels seen in this place.
 G = Mean time per level.
                   A        B        C        D        E       F      G
               +--------+--------+--------+--------+--------+-----+--------+
         Total |  10830 |  10809 |     21 |    156 |    690 |  18 |  601.7 |
       Dungeon |   9527 |   9506 |     21 |     48 |    690 |  14 |  680.5 |
        Temple |     59 |     59 |      0 |      0 |      0 |   1 |   59.0 |
         Abyss |     97 |     97 |      0 |      0 |      0 |   1 |   97.0 |
        Bailey |    673 |    673 |      0 |      0 |      0 |   1 |  673.0 |
      Gauntlet |    472 |    472 |      0 |    108 |      0 |   1 |  472.0 |
               +--------+--------+--------+--------+--------+-----+--------+

Top non-repeatable levels by time:
    D:12: 1140 daAuts
     D:3: 992 daAuts
     D:9: 867 daAuts
     D:4: 850 daAuts
     D:7: 829 daAuts
    D:10: 823 daAuts
     D:8: 758 daAuts
  Bailey: 673 daAuts
    D:11: 643 daAuts
     D:6: 589 daAuts
     D:5: 544 daAuts
     D:1: 536 daAuts
Gauntlet: 472 daAuts
     D:2: 465 daAuts
    D:13: 425 daAuts
